AoeStats
← Cheonma

Nomad

508887221Analyzed
4v4 RM · 8d ago on Sep 24, 2026· 44m 40s· 8 players
Game mode
Random Map
Map size
231×231
Population
200
Speed
Normal
Resources
Standard
Victory
Conquest
Starting age
Dark Age
Ending age
Imperial Age
RankedLock teamsTeams togetherTeam positionsShared explorationLock speedFull tech treeHidden civsTurbo modeCheats
Victory
Defeat
🇦🇷 Khmer · Argentina
1358
+12
🇦🇷 Saxons · Argentina
1309
+14
🇦🇷 Japanese · Argentina
1299
+14
🇦🇷 Bengalis · Argentina
1219
+17
🇦🇹 Maya · Austria
1284
-15
🇦🇹 Italians · Austria
1265
-15
🇦🇹 Malians · Austria
1241
-14
🇦🇹 Byzantines · Austria
1231
-13
Pusteblume
4:37 Loom
15:22 Feudal Age
19:27 Castle Age
17:43 Double-Bit Axe
17:59 Fishing Lines
18:45 Gold Mining
20:26 Bow Saw
21:11 Medium Warships
22:34 Stone Mining
23:50 Clinker Construction
23:35 Gillnets
24:25 Careening
24:54 Wheelbarrow
24:59 Stone Shaft Mining
24:51 Forging
24:47 Scale Barding Armor
26:51 Iron Casting
27:37 Gold Shaft Mining
27:20 Hand Cart
33:37 Imperial Age
32:37 Chain Barding Armor
39:35 Conscription
40:22 Murder Holes
42:22 Husbandry
42:55 Pikeman
43:21 Gambesons
43:37 Squires
43:25 Arson
43:31 Gambesons
44:29 Husbandry
43:52 Halberdier
GrasTuetchen
9:01 Loom
11:41 Feudal Age
14:10 Fletching
22:17 Castle Age
22:32 Crossbowman
23:17 Bodkin Arrow
24:40 Double-Bit Axe
26:21 Squires
amschi
3:58 Loom
13:59 Feudal Age
18:08 Castle Age
21:25 Fletching
Nisili
9:06 Loom
14:56 Feudal Age
15:37 Fishing Lines
18:49 Castle Age
17:34 Double-Bit Axe
17:30 Horse Collar
18:54 Man-at-Arms
19:28 Fletching
19:38 Scale Mail Armor
19:56 Bow Saw
19:50 Gillnets
20:34 Heavy Plow
20:25 Town Watch
20:47 Stone Mining
22:16 Wheelbarrow
22:00 Squires
22:32 Pikeman
23:24 Long Swordsman
23:50 Arson
28:09 Chain Mail Armor
28:04 Gold Mining
29:05 Forging
31:59 Ballistics
33:31 Iron Casting
32:52 Murder Holes
32:39 Treadmill Crane
39:35 Tigui
44:06 Bodkin Arrow
RDA | Damiii el TORO
3:35 Loom
13:02 Feudal Age
14:55 Scale Barding Armor
19:34 Horse Collar
20:59 Forging
22:26 Bloodlines
23:44 Double-Bit Axe
26:54 Castle Age
26:17 Gold Mining
27:56 Chain Barding Armor
26:59 Light Cavalry
28:00 Husbandry
32:11 Fletching
32:33 Crossbowman
43:48 Town Watch
RDA Infernus
6:23 Loom
13:01 Feudal Age
18:31 Castle Age
16:48 Fletching
19:27 Double-Bit Axe
19:47 Stone Mining
20:32 Bodkin Arrow
28:07 Ballistics
33:15 Scale Mail Armor
33:43 Forging
35:10 Arson
38:39 Chain Mail Armor
39:05 Iron Casting
43:23 Imperial Age
42:44 Wheelbarrow
43:22 Bow Saw
44:04 Squires
43:50 Gambesons
44:47 Conscription
44:27 Elite Varangian Guard
45:40 Plate Mail Armor
Cheonma
13:47 Feudal Age
12:31 Loom
15:02 Double-Bit Axe
19:47 Castle Age
21:05 Husbandry
21:31 Bloodlines
23:01 Town Watch
25:23 Padded Archer Armor
26:37 Fletching
36:39 Wheelbarrow
39:04 Horse Collar
41:20 Ballistics
42:24 Masonry
42:57 Bodkin Arrow
43:17 Leather Archer Armor
RDA Lurchoton
13:25 Feudal Age
13:57 Loom
14:34 Fishing Lines
17:08 Horse Collar
17:16 Double-Bit Axe
18:36 Forging
18:31 Scale Barding Armor
20:27 Castle Age
18:32 Gold Mining
21:09 Wheelbarrow
22:15 Husbandry
22:25 Bloodlines
23:13 Bloodlines
23:09 Horse Collar
27:08 Heavy Plow
28:46 Paiks
31:42 Stone Mining
36:12 Chain Barding Armor
37:29 Iron Casting
43:43 Imperial Age
43:20 Hand Cart
45:55 Plate Barding Armor
Connection lost

Rejoining the realm…

Still unreachable

The connection could not be restored.

Session expired

The server has moved on; the page needs a fresh start.